Map: Efflorescence LE

Players

Massa - Winner!

  • Race: Terran Terran
  • League: Platinum
  • Spawn Location: 6:00

qqq - Winner!

  • Race: Zerg Zerg
  • League: Platinum
  • Spawn Location: 9:00

PaxGordon

  • Race: Protoss Protoss
  • League: Platinum
  • Spawn Location: 12:00

DerGerät

  • Race: Zerg Zerg
  • Spawn Location: 3:00

VOD

Have the link to the VOD?

Description

Time

  • Played on: Jan. 5, 2021, 4:23 p.m.
  • Length: 6:37
Show
View Real Time Build Order
Export as new Build Order

Massa Terran - Winner!

Build Orders:  

Get SALT Encoding   

  12  0:00  SCV  
  13  0:12  SCV  
  14  0:18  Supply Depot  
  14  0:24  SCV  
  15  0:40  SCV  
  15  0:41  Barracks  
  16  0:50  Supply Depot  
  16  0:52  SCV  
  17  1:00  Refinery  
  18  1:04  SCV  
  18  1:15  Barracks  
  18  1:16  SCV  
  19  1:26  Barracks  
  19  1:32  Marine  
  20  1:38  SCV  
  21  1:50  Marine  
  22  2:02  Orbital Command  
  22  2:03  Marine  
  22  2:08  Marine  
  23  2:16  Marine  
  23  2:21  Marine, Supply Depot  
  24  2:32  Factory  
  24  2:35  Marine x2  
  26  2:53  Marine x2  
  26  2:55  Barracks Tech Lab  
  27  3:21  Marine x2  
  27  3:24  Marauder  
  29  3:37  Supply Depot  
  29  3:39  Marine x2  
  31  3:45  Marauder  
  26  3:57  Marine x2  
  26  4:00  Factory Tech Lab  
  28  4:06  Marauder  
  28  4:09  Command Center  
  30  4:15  Marine x2  
  32  4:28  Marauder  
  36  4:33  Marine x2  
  38  4:40  Hellion  
  38  4:49  Marauder  
  40  4:57  Supply Depot  
  40  5:00  Supply Depot  
  40  5:01  Widow Mine  
  40  5:03  Marine  
  43  5:08  Marine  
  43  5:11  Marauder  
  46  5:23  Hellion  
  46  5:55  Marine  
  46  5:56  Marauder, Marine  
  47  6:13  Marine x2  
Show
View Real Time Build Order
Export as new Build Order

qqq Zerg - Winner!

Build Orders: Hatch First 

Get SALT Encoding   

  12  0:00  Drone  
  13  0:09  Drone  
  14  0:17  Overlord  
  14  0:45  Hatchery  
  14  0:49  Drone  
  14  0:55  Drone  
  14  0:56  Drone  
  16  1:14  Spawning Pool  
  16  1:17  Drone  
  16  1:27  Drone  
  16  1:28  Drone  
  16  1:31  Extractor  
  17  1:58  Drone x3  
  20  2:03  Queen  
  22  2:12  Zergling x2  
  23  2:18  Zergling x2  
  23  2:22  Zergling x2  
  25  2:31  Spine Crawler  
  24  2:37  Spine Crawler  
  22  2:47  Zergling x2  
  22  3:25  Spine Crawler  
  21  3:29  Zergling x2  
  22  3:37  Metabolic Boost  
  22  3:38  Drone  
  23  3:45  Zergling x2  
  23  3:46  Zergling x2  
  25  3:50  Zergling x2  
  26  3:59  Zergling x2  
  27  4:03  Baneling Nest  
  27  4:07  Zergling x2  
  27  4:12  Overlord  
  27  4:22  Overlord  
  27  4:30  Zergling x4  
  29  4:32  Drone  
  29  4:33  Drone  
  29  4:38  Overlord  
  31  4:44  Drone  
  32  4:46  Drone  
  32  4:52  Zergling x2  
  34  4:55  Baneling x3  
  34  5:02  Baneling  
  34  5:05  Zergling x2  
  34  5:06  Drone x2  
  37  5:17  Zergling x6  
  37  5:18  Drone  
  41  5:24  Zergling x2  
  42  5:35  Baneling x3  
  38  5:49  Zergling x2  
  38  5:50  Zergling x2  
  38  5:55  Zergling x2  
  38  6:02  Zergling x6  
  39  6:13  Zergling x2  
  39  6:14  Zergling x6  
  41  6:24  Spore Crawler  
Show
View Real Time Build Order
Export as new Build Order

PaxGordon Protoss 

Build Orders:  

Get SALT Encoding   

  12  0:02  Probe  
  13  0:14  Probe  
  13  0:19  Pylon  
  14  0:26  Probe  
  15  0:38  Probe  
  15  0:42  Forge  
  16  0:50  Probe  
  17  1:00  Assimilator  
  17  1:05  Assimilator  
  17  1:12  Gateway  
  17  1:19  Probe (Chrono Boost)  
  17  1:25  Pylon  
  18  1:28  Probe (Chrono Boost)  
  19  1:33  Probe (Chrono Boost)  
  20  1:45  Probe, Photon Cannon  
  20  2:11  Photon Cannon  
  20  2:15  Photon Cannon  
  20  2:18  Pylon  
  20  2:24  Pylon  
  20  2:44  Photon Cannon  
  20  2:46  Photon Cannon  
  20  3:01  Photon Cannon  
  20  3:05  Probe  
  21  3:17  Probe  
  22  3:29  Probe  
  23  3:35  Cybernetics Core  
  23  3:45  Nexus  
  23  3:46  Probe (Chrono Boost)  
  24  3:48  Assimilator  
  24  3:53  Assimilator  
  24  3:55  Pylon  
  25  3:56  Probe (Chrono Boost)  
  25  3:59  Pylon  
  25  4:01  Probe (Chrono Boost), Pylon  
  26  4:16  Photon Cannon  
  26  4:29  Stargate  
  26  4:31  Stargate  
  26  4:41  Stargate  
  26  4:50  Photon Cannon  
  26  4:54  Photon Cannon  
  26  5:05  Probe (Chrono Boost)  
  26  5:06  Void Ray (Chrono Boost)  
  27  5:11  Pylon  
  27  5:12  Void Ray (Chrono Boost)  
  32  5:14  Probe (Chrono Boost)  
  32  5:19  Probe (Chrono Boost)  
Show
View Real Time Build Order
Export as new Build Order

DerGerät Zerg 

Build Orders: Pool First 

Get SALT Encoding   

  12  0:19  Spawning Pool  
  11  0:23  Drone  
  11  0:27  Drone  
  13  0:32  Drone  
  14  0:46  Extractor, Drone  
  14  0:47  Overlord  
  14  1:12  Queen  
  16  1:19  Zergling x6  
  19  1:31  Zergling x2  
  20  1:41  Zergling x2  
  21  1:47  Metabolic Boost  
  21  1:52  Zergling x2  
  22  2:03  Overlord  
  21  2:19  Overlord  
  20  3:03  Zergling x10  
  20  3:04  Zergling x2  
  22  3:31  Hatchery  
  21  3:34  Drone x3  
  22  3:57  Drone x2  
  22  3:58  Drone x2  
  26  4:09  Spine Crawler x2  
  24  4:14  Drone  
  25  4:25  Spine Crawler  
  24  4:39  Baneling Nest  
  24  4:43  Drone  
  23  5:26  Extractor  
  23  5:27  Baneling x4  
  22  5:40  Baneling  
  22  5:41  Baneling x2  
  23  5:42  Zergling x2  
  23  5:43  Zergling x12  
  23  5:44  Zergling x2  
  23  6:16  Zergling x2  
  23  6:17  Zergling x6  
Tags
 
Add a new tag
Caveats
  • Supply blocks, unpowered buildings, or Contaminate may cause inaccurate times.
  • Supply counts are checked every 10 seconds.